General information
			 
			
        
        - name: grudge1
- type: Custom game
- host: BEAR_AND
- saver: fineX
 map: EchoIsles
- players: 5
- length: 18:44
- speed: Fast
- version: 1.21 W3XP
- replay type:  Public
 » download(70 KB)
Players
        team 1 (loser) 
              
               TIMG4STRok
TIMG4STRok (
blue | 108 APM | 2014 actions | 18:42)
              
 4 Far Seer
 4 Far Seer  2
 2 Feral Spirit
 2
 2 Chain Lighting
 4 Tauren Chieftain
 4 Tauren Chieftain  2
 2 Shockwave
 2
 2 Endurance Aura
                | Assign group hotkey | 24 |  | 
| Basic commands | 65 |  | 
| Build / train | 49 |  | 
| Enter build submenu | 17 |  | 
| Enter hero's abilities submenu | 8 |  | 
| Right click | 975 |  | 
| Select / deselect | 249 |  | 
| Select group hotkey | 560 |  | 
| Use ability | 67 |  | 
                2014 total
 » units 
                
                | Peon | 6 |  | 
| Grunt | 4 |  | 
| Wind Rider | 10 |  | 
| Spirit Walker | 1 |  | 
                21 total
 » upgrades
                
                | Berserker Strength | 1 |  | 
| Armor | 1 |  | 
| Spirit Walker Training | 1 |  | 
                3 total
 » buildings
                
                | Altar of Storms | 2 |  | 
| Orc Burrow | 6 |  | 
| Barracks | 1 |  | 
| Stronghold | 1 |  | 
| Voodoo Lounge | 2 |  | 
| Beastiary | 2 |  | 
| War Mill | 1 |  | 
| Spirit Lodge | 1 |  | 
                16 total
 » build order
                00:07 Altar of Storms
00:11 Altar of Storms
00:14 Orc Burrow
00:29 Barracks
01:30 Orc Burrow
02:54 Stronghold
03:05 Voodoo Lounge
03:06 Voodoo Lounge
04:13 Orc Burrow
05:17 Beastiary
05:18 Beastiary
05:31 Orc Burrow
08:06 Orc Burrow
08:09 War Mill
09:27 Orc Burrow
09:51 Spirit Lodge
» items
                
                | Lesser Clarity Potion | 2 |  | 
| Healing Salve | 5 |  | 
| Scroll of Speed | 1 |  | 
| Scroll of Protection | 1 |  | 
| Scroll of Town Portal | 1 |  | 
| Potion of Healing | 1 |  | 
                11 total
  team 2 (winner) 
              
               1st_Panzer_Div.
1st_Panzer_Div. (
purple | 117 APM | 2193 actions | 18:43)
              
 5 Death Knight
 5 Death Knight  3
 3 Death Coil
 2
 2 Unholy Aura
 5 Lich
 5 Lich  3
 3 Frost Nova
 2
 2 Frost Armor
                | Assign group hotkey | 235 |  | 
| Basic commands | 267 |  | 
| Build / train | 64 |  | 
| ESC pressed | 3 |  | 
| Enter build submenu | 31 |  | 
| Enter hero's abilities submenu | 11 |  | 
| Give item / drop item | 6 |  | 
| Right click | 310 |  | 
| Select / deselect | 471 |  | 
| Select group hotkey | 682 |  | 
| Use ability | 113 |  | 
                2193 total
 » units 
                
                | Acolyte | 6 |  | 
| Ghoul | 6 |  | 
| Crypt Fiend | 11 |  | 
| Mud Golem | 4 |  | 
| Necromancer | 8 |  | 
| Obsidian Statue | 2 |  | 
| Banshee | 3 |  | 
                40 total
 » upgrades
                
                | Creature Attack | 1 |  | 
| Necromancer Training | 1 |  | 
| Skeletal Longevity | 1 |  | 
| Creature Carapace | 1 |  | 
| Web | 1 |  | 
| Burrow | 1 |  | 
                6 total
 » buildings
                
                | Ziggurat | 6 |  | 
| Crypt | 1 |  | 
| Altar of Darkness | 1 |  | 
| Graveyard | 2 |  | 
| Nerubian Tower | 1 |  | 
| Tomb of Relics | 1 |  | 
| Halls of the Dead | 1 |  | 
| Temple of the Damned | 1 |  | 
| Slaughterhouse | 1 |  | 
| Black Citadel | 1 |  | 
| Necropolis | 1 |  | 
                17 total
 » build order
                00:10 Ziggurat
00:23 Crypt
00:42 Altar of Darkness
01:09 Graveyard
01:12 Graveyard
01:29 Nerubian Tower
01:34 Tomb of Relics
02:08 Ziggurat
04:23 Halls of the Dead
05:03 Ziggurat
05:23 Ziggurat
06:48 Temple of the Damned
06:57 Slaughterhouse
09:30 Ziggurat
14:52 Black Citadel
17:46 Ziggurat
18:29 Necropolis
» items
                
                | Rod of Necromancy | 2 |  | 
| Wand of Illusion | 1 |  | 
                3 total
  observersBEAR_AND, 
fineX, 
kjcsjksdauykaes Chat log
          (00:08 / Observers) BEAR_AND: leave
(00:08 / Observers) BEAR_AND: leave
(00:09 / All) TIMG4STRok: bad manner
(00:16 / All) TIMG4STRok: gl/h
(00:16 / All) TIMG4STRok: f
(00:17 / All) 1st_Panzer_Div.: you're actually the one with bad manners
(00:23 / All) TIMG4STRok: manner game
(00:24 / All) TIMG4STRok: plz
(00:27 / All) TIMG4STRok: ty
(00:29 / All) 1st_Panzer_Div.: yea
(00:30 / All) 1st_Panzer_Div.: w/e
(02:50 / All) 1st_Panzer_Div.: ?
(05:40 / Observers) BEAR_AND: ud making mistake of fiends imo
(07:20 / Observers) BEAR_AND: necrowagon.
(07:23 / Observers) fineX: yeah
(07:33 / Observers) BEAR_AND: that is retarded
(07:36 / Observers) fineX: yeah
(08:31 / Observers) BEAR_AND: timg should be creeping up tc alone
(09:02 / Observers) fineX: no wagons
(09:08 / Observers) BEAR_AND: no lumber
(09:42 / Observers) BEAR_AND: ring+3 that sucks
(10:43 / Observers) BEAR_AND: crossmap cl
(11:06 / Observers) BEAR_AND: why doesn't ud switch to gargs
(11:22 / Observers) fineX: hes pro....... dont question
(11:37 / Observers) BEAR_AND: he regularly finishes high up in tournaments on west u know
(11:44 / Observers) fineX: ya
(12:07 / Observers) fineX: panzer-chan makes me hot ^_^
(12:18 / Observers) BEAR_AND: tc 10 armor
(12:37 / Observers) fineX: played a rice field earlier and end up with ~30 armor lol
(12:39 / Observers) BEAR_AND: ud on a camping trip
(12:49 / Observers) fineX: all manaing up
(12:51 / Observers) BEAR_AND: we've stacked a dk with 6 +5s before on rice
(13:02 / Observers) BEAR_AND: 36 armor
(13:05 / Observers) fineX: rice is awesome, we got some sweet shots there im gonna post l8r
(13:16 / Observers) BEAR_AND: hmmm sounds lame
(13:20 / Observers) fineX: its cool ok
(13:31 / Observers) fineX: warden attacks 8 times a second!!!
(13:54 / Observers) fineX: food just about equal...
(14:39 / All) 1st_Panzer_Div.: gg
(14:47 / Observers) BEAR_AND: ooooh...manner
(15:13 / Observers) fineX: no disenchant fucked him.........
(15:14 / All) 1st_Panzer_Div.: you gonna drag it on?
(15:24 / All) TIMG4STRok: you going to learn how to play a real race?
(15:28 / Observers) BEAR_AND: ud casters aren't seen a lot
(15:29 / All) 1st_Panzer_Div.: umm lol?
(15:36 / Observers) fineX: ya
(15:40 / All) 1st_Panzer_Div.: is that what happend when you lose?
(15:44 / All) 1st_Panzer_Div.: say it's racial imba?
(15:47 / All) TIMG4STRok: i mean anybody could pick undead and win you know, race takes 0 skill
(15:47 / Observers) fineX: panzer obv. knew this and knew he wouldnt get anti-caster..........
(15:56 / Observers) fineX: hmm i dont remember tim saying that when he beat kunt.......
(15:56 / All) 1st_Panzer_Div.: well if anybody could
(15:58 / All) 1st_Panzer_Div.: why didn't you
(16:03 / Observers) BEAR_AND: timgs fault for not scouting
(16:04 / All) 1st_Panzer_Div.: it's funny that you shit talk when you lose..
(16:05 / All) TIMG4STRok: because its a noob race?
(16:12 / Observers) fineX: he scouted the expo thats it.....
(16:34 / All) 1st_Panzer_Div.: TP!
(16:48 / All) TIMG4STRok: i kind of wish i was human, so i could get fortified armor
(16:53 / All) 1st_Panzer_Div.: and then lose?
(16:56 / All) TIMG4STRok: lmao
(17:02 / All) 1st_Panzer_Div.: you went far seer
(17:02 / All) TIMG4STRok: play a real race and come back
(17:12 / All) 1st_Panzer_Div.: lol wait you're shit talking me after losing
(17:13 / All) 1st_Panzer_Div.: I see
(17:18 / All) TIMG4STRok: you play undead
(17:20 / All) TIMG4STRok: what do you want
(17:21 / All) 1st_Panzer_Div.: yes I do
(17:26 / All) 1st_Panzer_Div.: I dunno
(17:29 / All) TIMG4STRok: just reinforcing the fact you dont know how to play this game
(17:31 / All) 1st_Panzer_Div.: guess you're not gonna be any more mature
(17:34 / All) 1st_Panzer_Div.: no matter what
(17:46 / All) TIMG4STRok: play a real race and if you beat me i say gg and leave : - )
(17:58 / Observers) fineX: timg no manner !!
(18:03 / All) 1st_Panzer_Div.: if blizzard thought undead wasn't a real race
(18:06 / All) TIMG4STRok: all you know is coil nova though :(
(18:08 / All) 1st_Panzer_Div.: it wouldn't be in the game
(18:12 / All) TIMG4STRok: :C
(18:16 / All) TIMG4STRok: c for coil
(18:20 / All) TIMG4STRok: n for big ol noob
(18:24 / All) 1st_Panzer_Div.: and g for grunts
(18:29 / Observers) fineX: haha
(18:42 / All) 1st_Panzer_Div.: gg